 Dungeon Crawl Stone Soup version 0.30-a0-737-gf23d94013f (webtiles) character file.

Game seed: 11085368906076959838

7885 Conn the Thaumaturge (level 11, -1/65 HPs)
             Began as an Octopode Fire Elementalist on Feb 2, 2023.
             Was a Priest of Sif Muna.
             Shot with an arrow by a centaur (13 damage)
             ... on level 10 of the Dungeon.
             The game lasted 00:26:15 (10731 turns).

Conn the Thaumaturge (Octopode Fire Elementalist)  Turns: 10731, Time: 00:26:16

Health: -1/65      AC:  1    Str:  9    XL:     11   Next: 22%
Magic:  26/32      EV: 14    Int: 27    God:    Sif Muna [***...]
Gold:   383        SH:  0    Dex: 15    Spells: 4/26 levels left

rFire   + . .      SeeInvis +    b - +9 sling of Wu Jian, Brewing {heavy, rPois rN++ Dex+3 SInv}
rCold   x . .      Faith    .    (no shield)
rNeg    + + .      Spirit   .    (helmet restricted)
rPois   +          Reflect  .    (no amulet)
rElec   .          Harm     .    l - +6 ring of intelligence
rCorr   .          Rampage  .    t - ring of fire
Will    .....                    F - ring of magical power
Stlth   ++++                     (no ring)
HPRegen 0.30/turn                (no ring)
MPRegen 0.23/turn                (no ring)
                                 (no ring)
                                 (no ring)

@: no status effects
A: almost no armour, amphibious, 8 rings, camouflage 1, gelatinous body 1,
(nimble swimmer 1), tentacles
a: Renounce Religion, Channel Magic, Forget Spell


You were on level 10 of the Dungeon.
You worshipped Sif Muna.
Sif Muna was most pleased with you.
You visited 2 branches of the dungeon, and saw 11 of its levels.

You collected 584 gold pieces.
You spent 201 gold pieces at shops.

Inventory:

Hand Weapons
 b - the +9 sling of Wu Jian, Brewing (weapon) {heavy, rPois rN++ Dex+3 SInv}
   (You bought it in a shop on level 3 of the Dungeon)

   Dex:       It affects your dexterity (+3).
   rPois:     It protects you from poison.
   rN:        It greatly protects you from negative energy.
   SInv:      It lets you see invisible.
 d - a +0 short sword
 f - a +4 short sword of venom
 h - a +5 spear
 m - a +6 flail of protection
 n - a +1 dagger of chaos
Missiles
 D - 4 curare-tipped darts
Jewellery
 l - a +6 ring of intelligence (left tentacle)
 t - a ring of fire (right tentacle)
 F - a ring of magical power (on tentacle)
Wands
 r - a wand of digging (2)
 u - a wand of charming (8)
 C - a wand of flame (13)
 H - a wand of polymorph (3)
 J - a wand of roots (5)
Scrolls
 c - 2 scrolls of immolation
 i - 3 scrolls of fog
 o - 3 scrolls of poison
 p - 3 scrolls of summoning
 q - 2 scrolls of teleportation
 w - a scroll of enchant armour
 y - a scroll of identify
 z - a scroll of fear
 A - 3 scrolls of magic mapping
Potions
 a - a potion of magic
 e - 2 potions of cancellation
 g - a potion of mutation
 j - 3 potions of might
 k - 2 potions of flight
 s - 3 potions of curing
 v - 2 potions of heal wounds
 x - a potion of haste
 B - a potion of ambrosia
 E - 2 potions of invisibility {unknown}
 G - a potion of lignification {unknown}
 I - a potion of berserk rage {unknown}


   Skills:
 + Level 2.5 Fighting
 + Level 0.1 Short Blades
 + Level 2.3 Polearms
 + Level 2.2 Ranged Weapons
 + Level 3.3 Dodging
 + Level 5.4 Stealth
 + Level 8.1 Spellcasting
 * Level 7.4 Conjurations
 + Level 1.2 Hexes
 + Level 3.3 Summonings
 + Level 8.1 Fire Magic
 * Level 6.4 Ice Magic
 * Level 2.5 Air Magic


You had 4 spell levels left.
You knew the following spells:

 Your Spells              Type           Power      Damage    Failure   Level
a - Foxfire               Conj/Fire      100%       2x1d9     1%          1
b - Freeze                Ice            100%       1d10      1%          1
c - Inner Flame           Hex/Fire       53%        N/A       2%          3
d - Flame Wave            Conj/Fire      68%        2d15      1%          4
e - Scorch                Fire           100%       2d10      1%          2
f - Hailstorm             Conj/Ice       48%        3d11      1%          3
g - Summon Lightning Spi  Summ/Air       26%        N/A       16%         4
h - Sticky Flame          Conj/Fire      68%        2d8       1%          4

Your spell library contained the following spells:

 Spells                   Type           Power      Damage    Failure   Level
 Frozen Ramparts          Ice            90%        1d14      1%          3
 Kindle Blastsparks       Fire/Tloc/Air  90%        2d17      3%          3
 Cigotuvi's Dreadful Rot  Necr/Pois/Air  30%        N/A       5%          2
 Dispel Undead            Necr           10%        3d9       45%         4
 Blade Hands              Tmut           5%         N/A       82%         5
 Iron Shot                Conj/Erth      15%        9d4       86%         6
 Death Channel            Necr           5%         N/A       100%        6
 Storm Form               Tmut/Air       8%         N/A       100%        7
 Maxwell's Capacitive Co  Air            12%        ∞         100%        8
 Animate Armour           Summ/Erth      Unusable   N/A       N/A         4

Dungeon Overview and Level Annotations

Branches:
Dungeon (10/15)            Temple (1/1) D:5            Lair (0/5) D:10
    Orc: D:9-12

Altars:
Ashenzari
Cheibriados
Dithmenos
Fedhas
Gozag
Hepliaklqana
Kikubaaqudgha
Makhleb
Nemelex Xobeh
Okawaru
Qazlal
Ru
Sif Muna
Trog
Uskayaw
Vehumet
Wu Jian
Xom
Yredelemnul
Zin
The Shining One

Shops:
D:1 ?   D:3 (   D:6 =

Annotations:
D:9 1 transporter, crabbyslav's ghost, novice DrCK
D:10 1 transporter


Innate Abilities, Weirdness & Mutations

You cannot wear most types of armour.
You are amphibious.
You can wear up to eight rings at the same time.
Your skin changes colour to match your surroundings (Stealth+).
Your rubbery body absorbs attacks. (AC +1, EV +1)
((You are camouflaged when in or above water. (Stealth+)))
You have tentacles for arms and can constrict up to eight enemies at once.


Message History

Casting: Scorch (safe; 1% risk of failure)
Confirm with . or Enter, or press ? or * to list all spells.
Casting: Flame Wave (dangerous; 2% risk of failure)
Press: ? - help, Dir - look around, f - activate You feel a surge of power!
A wave of flame ripples out!
The flame wave engulfs the wolf!!
You kill the wolf!
Sif Muna accepts your kill. (Press . to intensify the flame waves.)
The centaur wields a +0 shortbow.
The centaur shoots an arrow.
The arrow hits you!
A wolf comes into view.
The wolf bites you.
Grum hits you from afar with a -1 halberd!
The wolf howls!
Unknown command.
A wave of flame ripples out!
The flame wave engulfs the wolf!
The wolf is moderately wounded.
The flame wave engulfs the wolf!!
You kill the wolf!
Sif Muna accepts your kill.
You can now freely open your mind to new spells.
The flame wave engulfs Grum!
Grum is heavily wounded.
The wolf closely misses you.
The centaur shoots an arrow.
The arrow hits you! The wolf bites you!
* * * LOW HITPOINT WARNING * * *
Grum closely misses you.
A wave of flame ripples out!
The flame wave engulfs the wolf!!
You kill the wolf!
Sif Muna accepts your kill.
The flame wave engulfs the wolf!!
You kill the wolf!
Sif Muna accepts your kill.
The flame wave engulfs Grum!!
You kill Grum!
Sif Muna accepts your kill.
You finish channelling waves of flame.
The centaur shoots an arrow.
The arrow hits you!
You die...

.# .. .# .. .##. ###
..c #.# ..# #.## ).#
$ #..####†.#..#?
#.....@....©#)
#.######....#!......
##.# #....#.......
##..# #.#..#8......
##..##
##....##©..... ##
#..## ......#######
#. #.## ###
#........... #.###.#
... #...........
###.#...# #.#
#.##..#


You could see a centaur.

Vanquished Creatures
  Erica (D:10)
  A death yak (D:10)
  An elephant (D:10)
  Maggie (D:7)
  A troll (D:10)
  Sigmund (D:4)
  3 shadows
  3 wyverns
  A basilisk (D:10)
  Eustachio (D:4)
  A steam dragon (D:9)
  Edmund (D:5)
  Grum (D:10)
  2 water moccasins (D:6)
  5 orc warriors
  An ice beast (D:5)
  4 wolves (D:10)
  A black bear (D:6)
  3 ogres
  3 centaurs
  2 phantoms
  A kobold brigand (D:8)
  Blork the orc (D:5)
  4 bullfrogs
  A necrophage (D:7)
  8 wights
  9 killer bees
  5 howler monkeys (D:9)
  4 crimson imps (D:3)
  2 jellies
  4 hounds
  2 gnoll boudas
  4 orc priests
  2 iguanas (D:5)
  15 orc wizards
  7 gnolls
  4 adders
  2 white imps
  4 worms
  2 dart slugs (D:1)
  40 orcs
  5 endoplasms
  5 giant cockroaches
  11 goblins
  6 hobgoblins
  3 jackals (D:4)
  3 quokkas
  7 ball pythons
  4 bats
  4 frilled lizards
  9 kobolds
  9 rats
225 creatures vanquished.

Vanquished Creatures (collateral kills)
  A black bear (D:10)
1 creature vanquished.

Vanquished Creatures (others)
  533 foxfires
  2 plants
535 creatures vanquished.

Grand Total: 761 creatures vanquished

Notes
Turn   | Place    | Note
-------+----------+-------------------------------------------
     0 | D:1      | Conn the Octopode Fire Elementalist began the quest for the
                  | Orb.
     0 | D:1      | Reached XP level 1. HP: 11/11 MP: 3/3
   114 | D:1      | Reached XP level 2. HP: 16/17 MP: 0/5
   256 | D:1      | Found Tapel's Magic Scroll Boutique.
   386 | D:1      | Found a faded altar of an unknown god.
   571 | D:1      | Reached XP level 3. HP: 21/21 MP: 4/6
  1502 | D:2      | Reached XP level 4. HP: 27/27 MP: 6/8
  1586 | D:2      | Learned a level 2 spell: Scorch
  1590 | D:2      | Learned a level 3 spell: Inner Flame
  1914 | D:3      | Found Denkolea's Antique Weapon Emporium.
  1919 | D:3      | Learned a level 1 spell: Freeze
  1956 | D:3      | Found a hide-covered altar of Uskayaw.
  2215 | D:3      | Found a shimmering altar of Xom.
  2330 | D:3      | Reached XP level 5. HP: 31/31 MP: 6/9
  2532 | D:3      | Reached skill level 1 in Ice Magic
  2721 | D:3      | Found a sacrificial altar of Ru.
  2868 | D:3      | Reached XP level 6. HP: 36/36 MP: 10/10
  3049 | D:4      | Noticed a wyvern
  3061 | D:4      | Learned a level 4 spell: Flame Wave
  3163 | D:4      | Noticed Sigmund
  3168 | D:4      | Killed Sigmund
  3169 | D:4      | Reached skill level 1 in Polearms
  3180 | D:4      | Noticed Eustachio
  3205 | D:4      | Killed Eustachio
  3206 | D:4      | Reached skill level 5 in Stealth
  3206 | D:4      | Reached XP level 7. HP: 42/42 MP: 0/12
  3513 | D:4      | Reached skill level 1 in Fighting
  3519 | D:4      | HP: 1/43 [orc priest/+0 whip (3)]
  3765 | D:4      | Killed a wyvern
  3766 | D:4      | Reached XP level 8. HP: 48/48 MP: 6/14
  3855 | D:4      | Found a glowing golden altar of the Shining One.
  3997 | D:4      | Learned a level 3 spell: Hailstorm
  4102 | D:4      | Found an iron altar of Okawaru.
  4314 | D:5      | Entered Level 5 of the Dungeon
  4314 | D:5      | You fall into a shaft and drop 1 floor!
  4362 | D:6      | Found a blossoming altar of Fedhas.
  4416 | D:5      | Noticed Edmund
  4422 | D:5      | Killed Edmund
  4625 | D:5      | Noticed Blork the orc
  4630 | D:5      | Killed Blork the orc
  4631 | D:5      | Reached skill level 5 in Fire Magic
  5056 | D:5      | Found a shadowy altar of Dithmenos.
  5061 | D:5      | Reached skill level 5 in Spellcasting
  5195 | D:5      | Found a staircase to the Ecumenical Temple.
  5217 | Temple   | Entered the Ecumenical Temple
  5519 | D:3      | Bought a bone sling for 201 gold pieces
  5519 | D:3      | Identified the +9 sling of Wu Jian, Brewing {heavy, rPois
                  | rN++ Dex+3 SInv} (You bought it in a shop on level 3 of the
                  | Dungeon)
  5560 | D:6      | Found a radiant altar of Vehumet.
  5582 | D:6      | Reached XP level 9. HP: 53/53 MP: 4/17
  5675 | D:6      | Reached skill level 5 in Conjurations
  5741 | D:6      | Found Omokhad's Jewellery Boutique.
  5831 | D:6      | Found an ancient bone altar of Kikubaaqudgha.
  5918 | D:6      | Found a shimmering blue altar of Sif Muna.
  6001 | D:6      | Became a worshipper of Sif Muna the Loreminder
  6814 | D:6      | Learned a level 4 spell: Summon Lightning Spire
  7135 | D:7      | Reached skill level 1 in Summonings
  7136 | D:7      | Noticed Maggie
  7147 | D:7      | Killed Maggie
  7367 | D:7      | Found a sparkling altar of Nemelex Xobeh.
  7436 | D:7      | Reached * piety under Sif Muna
  7911 | D:7      | Reached skill level 5 in Ice Magic
  7911 | D:7      | Reached XP level 10. HP: 59/59 MP: 20/20
  7914 | D:7      | Reached skill level 1 in Ranged Weapons
  8750 | D:8      | Learned a level 4 spell: Sticky Flame
  9001 | D:9      | Reached ** piety under Sif Muna
  9723 | D:9      | Reached skill level 1 in Hexes
  9832 | D:9      | Noticed a two-headed ogre
  9832 | D:9      | Noticed a two-headed ogre
  9835 | D:9      | Identified the +4 giant spiked club of the Spectre
                  | {antimagic, rC+ Int+2}
  9835 | D:9      | Noticed a two-headed ogre
  9835 | D:9      | Noticed a two-headed ogre
  9836 | D:9      | Found a transporter.
  9848 | D:9      | Noticed crabbyslav's ghost (novice DrCK)
 10280 | D:10     | Entered Level 10 of the Dungeon
 10280 | D:10     | Noticed an elephant
 10280 | D:10     | Noticed a death yak
 10280 | D:10     | Found a staircase to the Lair.
 10288 | D:10     | Killed a death yak
 10289 | D:10     | Reached skill level 1 in Air Magic
 10293 | D:10     | Killed an elephant
 10294 | D:10     | Reached XP level 11. HP: 52/64 MP: 7/22
 10598 | D:10     | Noticed Erica
 10604 | D:10     | Killed Erica
 10637 | D:10     | Found a transporter.
 10726 | D:10     | Noticed Grum
 10730 | D:10     | Reached *** piety under Sif Muna
 10731 | D:10     | Killed Grum
 10731 | D:10     | Shot with an arrow by a centaur

Illustrated notes

Levels and vault maps discovered:
D:1:      minmay_arrival_four_circles, layout_loops_ring,
          shapermc_ecumenical_altar_ellora, serial_shops,
          nicolae_shop_behind_doors
D:2:      layout_rooms
D:3:      layout_loops_corners, led_xom_imps, old_standard_altar,
          nicolae_ru_the_path_less_chosen, serial_shops,
          nicolae_shop_advertising_works [nicolae_subvault_shop_adworks]
D:4:      layout_loops_ring, kennysheep_mini_moat,
          nicolae_tso_swordbearing_angel, uniq_sigmund, uniq_eustachio
D:5:      layout_rooms, grunt_dithmenos_shadows,
          minmay_temple_entry_statues_fountains, dreamdust_princess_corridor,
          uniq_edmund, uniq_blork_the_orc
D:6:      layout_rooms, fedhas_ov_isle_minmay, mainiacjoe_overflow_brackets,
          nicolae_overflow_crystal_walls, mainiacjoe_overflow_small_starburst,
          serial_shops, nicolae_take_the_stairs, serial_co_window_serial,
          co_window_paths_a, co_window_paths_a, co_window_corner_a,
          co_window_corner_a, co_window_of_opportunity_a, co_window_broadway_c,
          co_window_broadway_c, co_window_corner_b, co_window_unsneaky_path_d,
          glass_columns_c, glass_columns_a, glass_columns_b, glass_columns_a,
          glass_columns_b, hangedman_abyss_or_decor_lesser_grid,
          serial_park_tiny_2
D:7:      layout_gridville, nemelex_spade_bored_becter, nicolae_hexahallways,
          chequers_serial_rivers_micro_c, kennysheep_generic_room_7, uniq_maggie
D:8:      layout_cave_pools, corexii_corridor_pit, blue_anna_alchemist
D:9:      layout_roguey, gammafunk_ghost_smash, minivault_22,
          chequers_serial_rivers_micro_b, serial_bayou_pond_e,
          kennysheep_big_empty_room
D:10:     layout_rooms, nicolae_elyvilon_peaceful_grove, david_lair_generic,
          gammafunk_ghost_arena, nrook_uturn, wad_rectangle_vault, uniq_erica,
          uniq_grum, uniq_josephine
Temple:   nicolae_temple_ecumenical_triangle

Skill      XL: |  1  2  3  4  5  6  7  8  9 10 11 |
---------------+----------------------------------+-----
Stealth        | 3 5 |  5.4
Conjurations   | 2 3 4 6 7 |  7.4
Spellcasting   | 3 4 5 7 8 |  8.1
Ice Magic      | 1 2 3 4 5 6 |  6.4
Polearms       | 1 2 |  2.3
Fire Magic     | 4 5 6 8 |  8.1
Fighting       | 1 2 |  2.5
Summonings     | 1 3 |  3.3
Ranged Weapons | 2 |  2.2
Dodging        | 3 |  3.3
Hexes          | 1 |  1.2
Air Magic      | 1 2 |  2.5
Short Blades   | |  0.1

Action                     |  1- 3 |  4- 6 |  7- 9 | 10-12 || total
---------------------------+-------+-------+-------+-------++-------
  Melee: Unarmed           |    11 |       |       |       ||    11
         Constrict         |    11 |     5 |     5 |       ||    21
         Tentacles         |     8 |     9 |     5 |       ||    22
         Short sword       |     8 |       |     2 |       ||    10
         Spear             |    18 |    36 |    10 |       ||    64
         Punch             |       |       |     1 |       ||     1
         Flail             |       |       |     2 |       ||     2
         Sling             |       |       |       |     5 ||     5
   Fire: Sling             |       |       |    13 |    10 ||    23
  Throw: Dart              |       |       |       |     1 ||     1
   Cast: Foxfire           |    58 |    27 |   149 |    77 ||   311
         Freeze            |       |    11 |       |       ||    11
         Inner Flame       |       |     3 |     4 |     4 ||    11
         Scorch            |       |       |    50 |    26 ||    76
         Flame Wave        |       |       |     2 |    14 ||    16
         Summon Lightning  |       |       |       |     1 ||     1
         Hailstorm         |       |       |       |     1 ||     1
    Use: Scroll            |       |       |    18 |     4 ||    22
         Potion            |       |       |     1 |     1 ||     2
   Stab: Sleeping          |     2 |     6 |     1 |       ||     9
 Armour: Skin              |     2 |     2 |     2 |     3 ||     9
  Dodge: Dodged            |    12 |    17 |    47 |    63 ||   139

Table legend: (Time is in decaauts)
 A = Elapsed time spent in this place.
 B = Non-inter-level travel time spent in this place.
 C = Inter-level travel time spent in this place.
 D = Time resting spent in this place.
 E = Time spent auto-exploring this place.
 F = Levels seen in this place.
 G = Mean time per level.
                   A        B        C        D        E       F      G
               +--------+--------+--------+--------+--------+-----+--------+
         Total |  10729 |  10361 |    368 |    772 |   7302 |  11 |  975.4 |
       Dungeon |  10676 |  10313 |    363 |    772 |   7264 |  10 | 1067.6 |
        Temple |     53 |     48 |      5 |      0 |     38 |   1 |   53.0 |
               +--------+--------+--------+--------+--------+-----+--------+

Top non-repeatable levels by time:
     D:3: 1607 daAuts
     D:7: 1499 daAuts
     D:9: 1438 daAuts
     D:6: 1288 daAuts
     D:5: 1014 daAuts
     D:4: 995 daAuts
     D:1: 984 daAuts
     D:2: 808 daAuts
     D:8: 721 daAuts
    D:10: 317 daAuts
  Temple: 53 daAuts
